 Dungeon Crawl Stone Soup version 0.29.1-2-gbd0b4ee654 (webtiles) character file.

Game seed: 8256886660747573598

211 GorkyZ the Cudgeller (level 5, -2/32 HPs)
             Began as a Gargoyle Gladiator on Dec 1, 2022.
             Slain by an orc wizard
             ... wielding a +0 dagger of venom
              (4 damage)
             ... on level 3 of the Dungeon.
             The game lasted 00:04:16 (1978 turns).

GorkyZ the Cudgeller (Gargoyle Gladiator)           Turns: 1978, Time: 00:04:16

Health: -2/32      AC: 11    Str: 20    XL:     5   Next: 88%
Magic:  5/5        EV: 10    Int:  8    God:
Gold:   96         SH:  0    Dex: 11    Spells: 4/4 levels left

rFire   . . .      SeeInvis .   a - +0 flail
rCold   . . .      Faith    .   (no shield)
rNeg    + . .      Spirit   .   n - +0 scale mail
rPois   ∞          Reflect  .   c - +0 helmet
rElec   +          Harm     .   (no cloak)
rCorr   .          Rampage  .   (no gloves)
Will    .....                   (no boots)
Stlth   ..........              (no amulet)
HPRegen 0.10/turn               (no ring)
MPRegen 0.09/turn               (no ring)

@: no status effects
A: sickness immunity, AC +4, negative energy resistance 1, electricity
resistance, torment resistance 1, petrification resistance
a: no special abilities


You were on level 3 of the Dungeon.
You visited 1 branch of the dungeon, and saw 3 of its levels.

You collected 96 gold pieces.

Inventory:

Hand Weapons
 a - a +0 flail (weapon)
 l - a +0 hand axe
Missiles
 d - 2 throwing nets
 e - a javelin
 h - 5 poisoned darts (quivered)
Armour
 b - a +0 leather armour
 c - a +0 helmet (worn)
 n - a +0 scale mail (worn)
 q - an orb of wrath
Potions
 f - a potion of resistance
 g - a potion of attraction {unknown}
 j - a potion of flight {unknown}
 o - a potion of ambrosia {unknown}
 p - a potion of might {unknown}


   Skills:
 + Level 3.4 Fighting
 + Level 3.9 Maces & Flails
 + Level 2.8 Throwing
 + Level 2.3 Armour
 + Level 3.1 Dodging


You had 4 spell levels left.
You didn't know any spells.
Your spell library was empty.

Dungeon Overview and Level Annotations

Branches:
Dungeon (3/15)

Altars:

Shops:
D:3 (


Innate Abilities, Weirdness & Mutations

You are immune to sickness and miasma.
Your stone body is resilient. (AC +4)
You are immune to poison.
You resist negative energy. (rN+)
You are resistant to electric shocks. (rElec)
You are resistant to unholy torment.
You are immune to petrification.


Message History

The orc hits you with a +0 club. The orc closely misses you. x2
The orc hits you but does no damage.
You thump the orc!
You kill the orc!
An orc priest comes into view. It is wielding a +0 war axe.
The orc wizard mumbles some strange words.
The orc wizard flickers and vanishes!
Deactivating autopickup; reactivate with Ctrl-A.
The orc closely misses you.
You closely miss the orc. The orc hits you but does no damage.
You closely miss the orc. The orc barely misses you.
You closely miss the orc. The orc hits you but does no damage.
You closely miss the orc. The orc barely misses you. The orc misses you.
You closely miss the orc.
The orc priest casts a cantrip, but nothing happens.
The orc barely misses you.
You barely miss the orc. The orc closely misses you.
You closely miss the orc. The orc hits you but does no damage.
You barely miss the orc. The orc hits you but does no damage.
You barely miss the orc. The orc barely misses you.
The orc hits you but does no damage.
You sock the orc!
You kill the orc!
You closely miss something. Something hits you but does no damage.
The orc priest calls down the wrath of Beogh upon you.
Beogh smites you!
You hit something.
You hear some strange, mumbled words.
A magic dart appears from out of thin air!
The magic dart hits you.
You miss something.
You hear some strange, mumbled words.
A magic dart appears from out of thin air!
The magic dart hits you!
* * * LOW HITPOINT WARNING * * *
You barely miss something. Something hits you.
* * * LOW HITPOINT WARNING * * *
Something hits you but does no damage.
You hit something. Something hits you.
You die...

**~~**,***,* #.#
*~~**,***,* #.#
**~**,*,,,* #.#
*~**,*~*,* #.#*##
*~~*,*~*,** #.##.#*
*~~*,*~**,* #)#.#,**
****~~***~~#,* #..#**,**
*~*~~** *~~#.###o## **,*
*~*~~****~~#.)@{oo#**,**
*~~~***~**~#.#####.#,**
*~~~* *~**~#,* *#..* *
**~~* *~**~*,* *.o#*****
** **~* *~**~*,*
*,o..,,,* *,
*~***~~*~*,* *o*###*,*
*, *~~~~*~*~*,* *,* *,*
*, *~~~~*~*~*,* *,* *,*
*, **~*~*~~**,* *,*
*,****,


You could see an orc priest and 2 orcs.

Vanquished Creatures
  Pargi (D:3)
  An orc priest (D:3)
  3 adders
  A gnoll (D:1)
  2 dart slugs (D:2)
  5 orcs (D:3)
  4 ball pythons
  5 endoplasms
  3 giant cockroaches
  A goblin (D:2)
  7 hobgoblins
  2 jackals (D:2)
  2 quokkas (D:1)
  A frilled lizard (D:3)
  A kobold (D:2)
  5 rats
44 creatures vanquished.

Vanquished Creatures (others)
  5 toadstools (D:1)
5 creatures vanquished.

Grand Total: 49 creatures vanquished

Notes
Turn   | Place    | Note
-------+----------+-------------------------------------------
     0 | D:1      | GorkyZ the Gargoyle Gladiator began the quest for the Orb.
     0 | D:1      | Reached XP level 1. HP: 12/12 MP: 1/1
   118 | D:1      | Found a faded altar of an unknown god.
   231 | D:1      | Reached XP level 2. HP: 15/18 MP: 2/2
   502 | D:1      | Reached skill level 1 in Armour
   827 | D:2      | Reached XP level 3. HP: 20/22 MP: 3/3
  1263 | D:2      | Reached XP level 4. HP: 27/27 MP: 4/4
  1713 | D:3      | Noticed Pargi
  1726 | D:3      | Killed Pargi
  1727 | D:3      | Reached XP level 5. HP: 24/32 MP: 5/5
  1734 | D:3      | Found Zoliorph's Weapon Shoppe.
  1978 | D:3      | Slain by an orc wizard

Illustrated notes

Levels and vault maps discovered:
D:1:      ldierk_walled_garden, layout_basic, chequers_ecumenical_altar_twisty
D:2:      layout_basic
D:3:      layout_loops_ring, serial_shops, shop, serial_rivers,
          chequers_serial_rivers_small_a, chequers_serial_rivers_room_a,
          chequers_serial_rivers_large_a, chequers_serial_rivers_micro_b,
          chequers_serial_rivers_large_b, chequers_serial_rivers_micro_b,
          uniq_pargi

Skill      XL: |  1  2  3  4 |
---------------+-------------+-----
Throwing       | 2 |  2.8
Armour         | 1 2 |  2.3
Fighting       | 3 |  3.4
Dodging        | 3 |  3.1
Maces & Flails | |  3.9

Action                   |  1- 3 |  4- 6 || total
-------------------------+-------+-------++-------
Melee: Flail             |    90 |    46 ||   136
Throw: Dart              |       |     5 ||     5
       Throwing net      |       |     1 ||     1
  Use: Scroll            |       |     5 ||     5
Armor: Leather armour    |    21 |       ||    21
       Scale mail        |    14 |    29 ||    43
Dodge: Dodged            |    53 |    34 ||    87
